Map: Automaton LE

Players

Kelazhur

  • Race: Terran Terran
  • Spawn Location: 3:00

Serral - Winner!

  • Race: Zerg Zerg
  • Spawn Location: 9:00

Event: 2019 WCS Spring

VOD

Have the link to the VOD?

Description

Time

  • Played on: May 17, 2019, 2:48 p.m.
  • Length: 19:42

All games in this series

Show
View Real Time Build Order
Export as new Build Order

Kelazhur Terran 

Build Orders: Reaper Expand, Hellion Banshee 

Get SALT Encoding   

  12  0:00  SCV  
  13  0:13  SCV  
  14  0:18  Supply Depot  
  14  0:25  SCV  
  15  0:39  SCV  
  15  0:40  Barracks  
  16  0:44  Refinery  
  16  0:51  SCV  
  17  1:04  SCV  
  18  1:16  SCV  
  19  1:27  Reaper  
  19  1:28  Orbital Command  
  20  1:41  Command Center  
  20  1:51  Supply Depot  
  20  1:53  SCV  
  21  1:59  Marine  
  22  2:06  Factory  
  22  2:09  SCV  
  23  2:16  Refinery  
  23  2:21  SCV, Barracks Reactor  
  24  2:33  SCV  
  25  2:45  SCV  
  26  2:55  Starport, Orbital Command  
  26  2:57  SCV  
  27  3:02  Hellion x2  
  31  3:10  SCV, Barracks Tech Lab  
  32  3:19  Supply Depot  
  32  3:20  SCV  
  32  3:22  SCV  
  32  3:23  Hellion  
  32  3:24  Hellion  
  38  3:32  SCV  
  39  3:38  Cloaking Field, Banshee  
  39  3:39  SCV  
  43  3:46  Hellion  
  43  3:47  Hellion  
  46  3:52  Supply Depot  
  46  3:53  SCV  
  47  3:56  SCV  
  48  4:05  SCV  
  48  4:07  Hellion  
  48  4:08  SCV  
  48  4:09  Hellion  
  55  4:17  SCV  
  55  4:20  SCV  
  55  4:21  Supply Depot  
  55  4:22  Banshee  
  59  4:29  SCV  
  60  4:32  SCV  
  60  4:35  Command Center  
  61  4:48  SCV  
  61  4:50  Hellion x2  
  66  4:54  SCV  
  66  4:55  Supply Depot  
  67  5:03  Armory  
  67  5:05  SCV, Factory  
  67  5:06  Factory  
  68  5:10  Refinery  
  68  5:16  SCV  
  68  5:18  Supply Depot  
  68  5:20  Refinery  
  69  5:22  Hellion x2  
  69  5:23  SCV  
  74  5:28  SCV  
  75  5:35  SCV  
  75  5:40  SCV, Banshee  
  80  5:44  Supply Depot  
  80  5:50  SCV  
  80  5:51  Hellion x2, Factory Tech Lab  
  80  5:52  Factory Tech Lab  
  80  5:53  SCV  
  80  5:54  Terran Vehicle Weapons Level 1  
  80  5:55  Orbital Command  
  83  6:05  SCV x2  
  85  6:12  Orbital Command  
  85  6:13  Cyclone x2, Supply Depot  
  85  6:15  Hellion x2  
  93  6:23  SCV x2  
  93  6:24  Engineering Bay  
  95  6:29  Mag-Field Accelerator  
  95  6:35  Factory  
  95  6:36  SCV, Factory  
  95  6:37  SCV  
  95  6:38  SCV  
  98  6:43  Refinery  
  98  6:45  Refinery  
  98  6:51  SCV x3  
  101  6:59  Supply Depot  
  101  7:00  Cyclone x2  
  107  7:03  SCV x2  
  107  7:05  SCV  
  110  7:12  Hellion x2  
  110  7:13  Supply Depot  
  110  7:15  SCV x2  
  116  7:17  SCV  
  116  7:19  Factory Tech Lab  
  116  7:20  Factory Reactor  
  117  7:27  SCV x2  
  117  7:29  SCV  
  118  7:36  Cyclone x2  
  124  7:39  Hellion x2, Cyclone  
  131  7:49  Command Center  
  131  7:52  Hyperflight Rotors  
  131  7:59  Supply Depot  
  131  8:00  Hellion, Supply Depot  
  131  8:01  Banshee  
  131  8:02  Hellion, Supply Depot  
  138  8:13  Hellion  
  138  8:17  Terran Vehicle And Ship Armor Level 1  
  140  8:21  Hellion, Siege Tank x2  
  140  8:22  Siege Tank  
  140  8:25  Hellion x2  
  155  8:51  Hellion x2  
  155  8:52  Hellion x2  
  155  8:54  SCV x3  
  156  8:59  Factory x2  
  156  9:00  Factory  
  156  9:02  Cyclone x2  
  152  9:06  SCV  
  152  9:08  Planetary Fortress  
  154  9:10  SCV x2  
  154  9:16  Hellion x3, Command Center  
  154  9:17  Hellion  
  160  9:18  SCV  
  160  9:22  SCV x2  
  163  9:25  Cyclone  
  163  9:26  Infernal Pre-Igniter  
  163  9:27  Smart Servos  
  164  9:43  Cyclone x2  
  167  9:53  Hellion x3  
  167  9:57  Cyclone  
  173  10:02  Hellion  
  173  10:04  Factory Tech Lab  
  173  10:05  Factory Tech Lab  
  166  10:07  Factory Reactor  
  166  10:12  Terran Vehicle And Ship Armor Level 2  
  164  10:15  SCV, Cyclone  
  164  10:16  Armory, SCV x2  
  128  10:22  Cyclone  
  128  10:24  Cyclone  
  128  10:28  SCV x2  
  118  10:29  Cyclone  
  118  10:30  SCV  
  122  10:36  Banshee  
  122  10:39  Starport  
  122  10:40  SCV, Starport  
  126  10:45  Cyclone  
  126  10:46  Hellion x5  
  126  10:47  Cyclone  
  142  11:02  Cyclone x2  
  145  11:06  Hellion  
  147  11:18  Terran Vehicle Weapons Level 2  
  147  11:21  Starport Tech Lab  
  147  11:22  Hellion  
  147  11:23  SCV  
  147  11:24  SCV  
  147  11:30  Banshee  
  147  11:32  Starport Tech Lab  
  148  11:38  Hellion x5  
  155  11:42  Cyclone x3  
  158  11:59  Hellion  
  150  12:10  Banshee x2  
  150  12:13  Banshee, Refinery  
  150  12:14  Refinery  
  159  12:20  SCV x3, Hellion x7  
  159  12:21  SCV  
  152  12:24  Planetary Fortress  
  152  12:29  Cyclone  
  155  12:32  SCV  
  155  12:33  Hellion x7  
  167  12:44  SCV  
  167  12:46  SCV  
  167  12:47  SCV  
  168  12:51  Terran Vehicle And Ship Armor Level 3  
  168  12:56  Cyclone x2  
  168  12:57  SCV, Hellion x7  
  189  12:58  SCV  
  189  12:59  SCV  
  191  13:07  Hellion, Cyclone  
  182  13:14  SCV x2  
  184  13:29  Command Center, Supply Depot  
  184  13:30  Supply Depot  
  187  13:34  Command Center  
  187  13:43  Terran Vehicle Weapons Level 3  
  187  13:46  SCV x3  
  187  13:52  Siege Tank  
  187  13:53  Siege Tank x4  
  199  13:57  Fusion Core  
  193  14:31  Factory Reactor, Factory Tech Lab x2  
  190  14:44  Hellion x4, Cyclone x3  
  180  14:54  Battlecruiser x2  
  180  14:55  Battlecruiser  
  198  15:01  Command Center  
  198  15:03  Command Center, Barracks  
  198  15:08  Hellion  
  175  15:26  Cyclone x5  
  175  15:27  Hellion  
  176  15:42  Hellion  
  176  15:43  Hellion x3  
  176  15:45  Hellion  
  176  15:48  Hellion  
  174  15:58  Cyclone  
  174  16:00  SCV x2  
  174  16:01  Cyclone x2  
  174  16:08  Cyclone  
  177  16:19  Planetary Fortress  
  177  16:20  Orbital Command  
  177  16:29  Cyclone  
  177  16:30  Hellion x6  
  190  16:34  Battlecruiser  
  181  16:40  SCV x3  
  181  16:45  Weapon Refit  
  178  16:48  SCV  
  178  16:52  SCV x3, Orbital Command  
  175  17:03  Cyclone x5  
  175  17:04  Hellion  
  175  17:05  Hellion  
  183  17:35  Hellion x6, Cyclone x3  
  148  17:45  Cyclone x2  
  135  17:56  Hellion  
  107  18:06  Hellion x5  
  107  18:07  Cyclone x2  
  121  18:17  SCV x3, Missile Turret, Orbital Command  
  121  18:18  SCV  
  121  18:19  Missile Turret  
  125  18:29  Cyclone  
  125  18:30  Hellion, Orbital Command  
  136  19:04  Cyclone x5  
  136  19:06  Hellion  
  147  19:13  Hellion  
Show
View Real Time Build Order
Export as new Build Order

Serral Zerg - Winner!

Build Orders: Hatch First, Swarm Host 

Get SALT Encoding   

  12  0:00  Drone  
  13  0:13  Overlord  
  13  0:17  Drone  
  14  0:31  Drone  
  14  0:32  Drone  
  16  0:49  Hatchery  
  15  0:52  Drone  
  15  0:56  Drone  
  17  0:59  Drone  
  18  1:10  Extractor  
  17  1:15  Spawning Pool  
  16  1:18  Drone  
  16  1:22  Drone  
  18  1:29  Drone  
  19  1:39  Drone  
  20  1:49  Overlord  
  20  2:02  Queen x2  
  20  2:03  Zergling x4  
  26  2:12  Drone x2  
  26  2:14  Metabolic Boost  
  28  2:22  Drone x2  
  30  2:39  Hatchery  
  30  2:43  Drone  
  31  2:44  Drone  
  31  2:50  Queen  
  33  2:54  Overlord  
  33  2:56  Drone  
  34  2:59  Drone  
  34  3:01  Drone  
  37  3:12  Drone  
  37  3:13  Overlord, Drone  
  37  3:16  Zergling x2, Drone  
  37  3:17  Drone  
  37  3:19  Drone  
  42  3:29  Queen  
  45  3:34  Zergling x4  
  45  3:38  Drone  
  47  3:41  Drone  
  47  3:46  Overlord  
  48  3:48  Lair  
  48  3:49  Drone x3  
  48  3:54  Queen  
  53  3:58  Zergling x2  
  53  4:01  Drone  
  55  4:03  Baneling Nest  
  55  4:05  Zergling x2  
  55  4:07  Queen  
  55  4:09  Drone  
  58  4:12  Overlord  
  58  4:16  Spore Crawler  
  58  4:17  Drone  
  58  4:22  Overlord  
  59  4:25  Spore Crawler  
  59  4:30  Overlord  
  59  4:31  Drone  
  59  4:33  Zergling x4  
  59  4:34  Drone x4  
  59  4:36  Drone  
  66  4:40  Overlord  
  66  4:46  Baneling x2, Extractor x2, Overseer  
  66  4:47  Baneling, Drone x2  
  66  4:52  Drone x3  
  69  4:56  Queen  
  69  4:59  Drone  
  73  5:00  Drone  
  73  5:02  Overseer  
  73  5:04  Drone x2  
  75  5:08  Zergling x4  
  75  5:10  Drone  
  75  5:11  Drone  
  75  5:13  Overlord  
  79  5:16  Drone  
  79  5:17  Drone  
  81  5:22  Overseer  
  81  5:23  Overlord  
  81  5:25  Spore Crawler, Drone  
  81  5:32  Evolution Chamber x2, Drone x3  
  81  5:34  Spore Crawler  
  81  5:38  Baneling x4  
  81  5:42  Overseer  
  81  5:45  Drone x5  
  83  5:51  Queen  
  83  5:52  Drone  
  83  5:53  Drone x2  
  83  5:56  Drone x3  
  90  6:05  Extractor, Roach Warren  
  90  6:07  Overlord  
  90  6:10  Extractor  
  87  6:11  Zergling x4  
  87  6:13  Drone x4  
  87  6:16  Drone  
  87  6:17  Drone x2  
  96  6:23  Hatchery  
  96  6:24  Hatchery  
  95  6:31  Zerg Melee Weapons Level 1, Zerg Missile Weapons Level 1  
  95  6:32  Drone x3  
  98  6:34  Extractor  
  98  6:37  Centrifical Hooks  
  98  6:39  Overlord  
  97  6:44  Glial Reconstitution  
  97  6:46  Roach x2  
  101  6:47  Overlord  
  101  6:50  Overlord  
  101  6:52  Roach  
  103  6:54  Overlord  
  103  6:59  Burrow  
  102  7:05  Roach  
  102  7:06  Roach x5  
  102  7:08  Ravager x2  
  116  7:16  Drone x7  
  116  7:17  Infestation Pit  
  116  7:19  Drone x2  
  124  7:24  Overlord  
  124  7:28  Drone x3  
  127  7:33  Ravager x3  
  127  7:34  Roach x3  
  127  7:36  Overlord x2  
  136  7:40  Overlord  
  136  7:43  Overlord  
  136  7:45  Baneling x5  
  136  7:52  Queen  
  136  7:53  Drone x4  
  136  7:56  Infestor x2  
  146  7:58  Extractor  
  146  7:59  Extractor  
  144  8:06  Drone x3  
  144  8:07  Drone  
  144  8:08  Spore Crawler, Drone x3  
  150  8:15  Hatchery  
  148  8:21  Zergling x2  
  148  8:22  Zergling x14  
  156  8:32  Zerg Missile Weapons Level 2  
  156  8:33  Zerg Ground Armor Level 1  
  156  8:34  Drone x2  
  156  8:35  Spine Crawler  
  156  8:37  Overlord x2  
  156  8:39  Spine Crawler  
  156  8:46  Swarm Host x8  
  156  8:47  Infestor x2  
  172  8:57  Drone x5  
  172  8:59  Zergling x10  
  172  9:00  Spine Crawler  
  177  9:03  Swarm Host x2  
  177  9:07  Nydus Network  
  182  9:14  Roach x2, Zergling x10  
  191  9:18  Overlord  
  191  9:21  Hive  
  191  9:23  Spine Crawler  
  186  9:27  Roach  
  186  9:28  Roach x2, Zergling x8  
  194  9:32  Baneling x5  
  194  9:33  Baneling  
  194  9:44  Roach x2, Zergling x22  
  197  9:45  Nydus Canal  
  197  9:48  Queen  
  197  9:49  Queen  
  197  9:50  Ravager x2  
  197  9:51  Ravager  
  199  9:59  Zergling x4  
  198  10:11  Zergling x6  
  181  10:21  Zergling x28  
  181  10:28  Extractor  
  191  10:30  Spine Crawler x2  
  191  10:31  Nydus Canal, Drone x2  
  192  10:35  Ravager x2  
  192  10:37  Baneling x5  
  192  10:38  Baneling x8  
  192  10:39  Adrenal Glands  
  192  10:41  Spine Crawler x2  
  193  10:42  Drone x2  
  193  10:47  Zergling x12  
  199  10:51  Baneling x3  
  199  10:52  Baneling x3  
  199  11:00  Nydus Canal  
  199  11:01  Zergling x2  
  199  11:08  Zerg Melee Weapons Level 2  
  199  11:09  Zerg Missile Weapons Level 3  
  199  11:18  Nydus Canal  
  199  11:21  Hatchery  
  193  11:35  Queen  
  195  11:42  Spire  
  195  11:43  Spire  
  195  11:44  Baneling x8  
  195  11:45  Drone  
  195  11:46  Drone  
  195  11:48  Hydralisk Den  
  195  11:53  Zergling x12  
  200  12:01  Nydus Canal  
  200  12:08  Spore Crawler  
  200  12:10  Spore Crawler  
  200  12:11  Spore Crawler x2  
  195  12:15  Nydus Canal  
  195  12:18  Drone x6  
  195  12:21  Baneling x4  
  199  12:34  Nydus Canal  
  198  12:37  Queen  
  198  12:38  Grooved Spines  
  198  12:39  Overseer x2  
  198  12:45  Overlord  
  198  12:48  Overlord, Nydus Canal  
  196  12:57  Zerg Flyer Weapons Level 1, Greater Spire  
  196  13:08  Zergling x10  
  198  13:13  Pneumatized Carapace  
  198  13:17  Spore Crawler  
  198  13:19  Spine Crawler  
  196  13:20  Nydus Canal, Spine Crawler  
  196  13:24  Zerg Ground Armor Level 2  
  196  13:26  Baneling  
  196  13:27  Baneling x7, Overseer  
  195  13:30  Extractor  
  195  13:31  Drone  
  195  13:32  Drone x2  
  195  13:33  Extractor, Drone x4  
  196  13:36  Zergling x8  
  200  13:49  Nydus Canal  
  200  13:50  Muscular Augments  
  200  13:56  Hatchery  
  196  14:08  Nydus Canal  
  194  14:12  Infestor x3  
  200  14:19  Zerg Flyer Armor Level 1  
  199  14:27  Drone  
  198  14:40  Infestor  
  198  14:41  Infestor  
  198  14:42  Zergling x14  
  198  14:45  Zergling x4  
  199  14:48  Zergling x6  
  198  14:56  Baneling x5  
  198  14:57  Baneling x16  
  198  15:12  Baneling x7  
  197  15:17  Pathogen Glands  
  197  15:20  Zergling x34  
  198  15:26  Zergling x2  
  186  15:29  Nydus Canal  
  186  15:32  Roach x6  
  195  15:38  Hatchery  
  195  15:41  Roach x2, Zergling x6  
  198  15:43  Zergling x2  
  198  15:50  Nydus Canal  
  198  15:53  Zerg Ground Armor Level 3, Zerg Melee Weapons Level 3  
  198  15:54  Zergling x12  
  198  15:55  Zergling x2  
  191  16:00  Zergling x14  
  189  16:07  Queen x3  
  189  16:08  Queen  
  189  16:10  Spire  
  198  16:12  Corruptor  
  198  16:14  Neural Parasite  
  198  16:16  Corruptor x3  
  198  16:18  Corruptor x2  
  198  16:29  Corruptor x3  
  198  16:32  Lair, Corruptor  
  189  16:41  Corruptor x5  
  189  16:44  Corruptor x2  
  195  16:54  Zergling x12  
  199  17:07  Baneling x3  
  199  17:08  Zergling x2  
  195  17:15  Zergling x4  
  195  17:16  Zergling x4  
  199  17:23  Baneling x7  
  195  17:32  Zergling x34  
  195  17:36  Roach x6, Zergling x2  
  195  17:43  Roach x2  
  184  17:48  Roach x4  
  197  17:52  Spore Crawler  
  197  17:53  Spore Crawler  
  197  17:54  Spine Crawler  
  197  17:55  Overlord x2  
  197  17:57  Overlord  
  170  18:07  Overlord, Corruptor  
  170  18:09  Overlord x2  
  160  18:15  Drone x2  
  160  18:16  Infestor, Drone x4  
  160  18:17  Infestor x2  
  172  18:21  Ravager x4  
  172  18:22  Ravager x2, Roach  
  172  18:23  Roach, Zergling x10  
  172  18:26  Hive  
  187  18:32  Roach x3  
  187  18:33  Roach x3  
  199  18:34  Baneling x10  
  195  18:42  Roach  
  195  18:43  Roach, Overseer  
  195  18:44  Hatchery, Zergling x4  
  198  18:58  Nydus Canal  
  198  19:10  Zergling x4  
  192  19:25  Hatchery  
Tags
 
Add a new tag
Caveats
  • Supply blocks, unpowered buildings, or Contaminate may cause inaccurate times.
  • Supply counts are checked every 10 seconds.